 Dungeon Crawl Stone Soup version 0.31-a0-246-g8cbcc1cb85 (webtiles) character file.

Game seed: 14974460620261065712

26 qw the Shooter (level 2, 0/24 HPs)
             Began as a Minotaur Hexslinger on July 12, 2023.
             Slain by an adder (3 damage)
             ... on level 2 of the Dungeon.
             The game lasted 00:00:15 (777 turns).

qw the Shooter (Minotaur Hexslinger)                 Turns: 777, Time: 00:00:15

Health: 0/24       AC:  3    Str: 12    XL:     2   Next: 89%
Magic:  2/2        EV: 11    Int: 10    God:
Gold:   6          SH:  0    Dex: 12    Spells: 2/3 levels left

rFire   . . .        Y - +2 sling
rCold   . . .        (no shield)
rNeg    . . .        e - +0 leather armour
rPois   .            (helmet restricted)
rElec   .            (no cloak)
rCorr   .            (no gloves)
SInv    .            (no boots)
Will    .....        (no amulet)
Stlth   +            (no ring)
HPRegen 0.24/turn    (no ring)
MPRegen 0.08/turn

%: no passive effects
@: no status effects
A: horns 2, retaliatory headbutt
a: no special abilities


You were on level 2 of the Dungeon.
You visited 1 branch of the dungeon, and saw 2 of its levels.

You collected 6 gold pieces.


Innate Abilities, Weirdness & Mutations

You have a pair of horns on your head.
You reflexively headbutt those who attack you in melee.


   Skills:
 - Level 2.0 Fighting
 + Level 3.5 Ranged Weapons
 - Level 2.1 Dodging
 - Level 1.0 Spellcasting
 - Level 2.0 Hexes


You had 2 spell levels left.
You knew the following spells:

 Your Spells              Type           Power      Damage    Failure   Level
a - Slow                  Hex            16%        N/A       19%         1

Your spell library contained the following spells:

 Spells                   Type           Power      Damage    Failure   Level
 Inner Flame              Hex/Fire       2%         N/A       65%         3
 Portal Projectile        Hex/Tloc       4%         N/A       65%         3
 Cause Fear               Hex            2%         N/A       88%         4

Inventory:

Hand Weapons
 Y - a +2 sling (weapon)
Armour
 e - a +0 leather armour (worn)
Scrolls
 a - a scroll of identify {unknown}
Potions
 i - a potion of curing {unknown}

Dungeon Overview and Level Annotations

Branches:
Dungeon (2/15)

Altars:


Message History

You shoot a sling bullet. The sling bullet misses the adder.
The sling bullet hits the adder.
The adder is severely wounded.
You feel sick. The adder closely misses you. The adder bites you.
You are more poisoned.
The adder poisons you!
You shoot a sling bullet.
The sling bullet barely misses the adder.
The sling bullet closely misses the adder.
You feel sick. The adder bites you. The adder bites you but does no damage.
You shoot a sling bullet.
The sling bullet barely misses the adder.
The sling bullet hits the adder but does no damage.
The adder is severely wounded.
You feel sick. The adder barely misses you.
You shoot a sling bullet.
The sling bullet barely misses the adder.
The sling bullet hits the adder.
You kill the adder!
You feel sick. The adder bites you. The adder closely misses you.
You shoot a sling bullet. The sling bullet misses the adder.
You feel sick.
The adder bites you but does no damage. x2
You shoot a sling bullet.
The sling bullet closely misses the adder.
You feel sick. The adder barely misses you.
You shoot a sling bullet.
The sling bullet barely misses the adder.
You feel sick.
You are no longer poisoned.
The adder barely misses you. The adder bites you but does no damage.
You shoot a sling bullet.
The sling bullet closely misses the adder.
The adder bites you but does no damage. The adder bites you.
You shoot a sling bullet. The sling bullet hits the adder.
The adder is heavily wounded.
The adder closely misses you.
You shoot a sling bullet.
The sling bullet barely misses the adder.
The adder barely misses you. The adder bites you.
You die...

############# .
#.....#.....#
....#####.....#.###.#
......S@......'....>#
....#####.....#.###.####
. ..........#.......
..#........##.#.####
#........##.#?####
#...#....##.#.....
#...#....##.#.####
........###.#.# ..#.#


You could see an adder.

Vanquished Creatures
  An adder (D:2)
  A ball python (D:1)
  A bat (D:1)
  3 goblins (D:1)
  2 jackals (D:1)
  2 kobolds (D:1)
  3 quokkas (D:1)
  A rat (D:1)
14 creatures vanquished.

Notes
Turn   | Place    | Note
-------+----------+-------------------------------------------
     0 | D:1      | qw the Minotaur Hexslinger began the quest for the Orb.
     0 | D:1      | Reached XP level 1. HP: 16/16 MP: 1/1
     0 | D:1      | 0 ||| qw: Version: 0.3-a-52-g30416fa
     0 | D:1      | 0 ||| qw: Game counter: 6561
     0 | D:1      | 0 ||| qw: Melee chars always use a shield: true
     0 | D:1      | 0 ||| qw: God list: Okawaru
     0 | D:1      | 0 ||| qw: Allow faded altars: false
     0 | D:1      | 0 ||| qw: Do Orc after clearing Dungeon:15 true
     0 | D:1      | 0 ||| qw: Do second Lair branch before Depths: true
     0 | D:1      | 0 ||| qw: Lair rune preference: random
     0 | D:1      | 0 ||| qw: Goals: Normal
     0 | D:1      | 0 ||| PLANNING D:1-11
   362 | D:1      | Reached skill level 3 in Ranged Weapons
   367 | D:1      | Reached XP level 2. HP: 23/23 MP: 2/2
   685 | D:1      | 685 ||| UPGRADING to +0 leather armour.
   695 | D:1      | 695 ||| DROPPING +0 robe.
   696 | D:1      | 696 ||| DROPPING amulet of magic regeneration.
   697 | D:1      | 697 ||| READING scroll labelled CONIAX ICAIVE.
   698 | D:1      | 698 ||| READING scroll labelled JON UPHISY.
   699 | D:1      | 699 ||| READING scroll labelled REMEFO EFRIERU.
   700 | D:1      | 700 ||| DROPPING scroll of poison.
   774 | D:2      | HP: 6/24 [poisoned by an adder]
   775 | D:2      | HP: 2/24 [adder (4)]
   777 | D:2      | Slain by an adder

Levels and vault maps discovered:
D:1:      dpeg_arrival_round_b, layout_loops_cross
D:2:      layout_basic, shapermc_ecumenical_altar_pompeii

Skill      XL: |  1  2 |
---------------+-------+-----
Ranged Weapons | 3 |  3.5
Fighting       | 2 |  2.0
Dodging        | |  2.1
Spellcasting   | |  1.0
Hexes          | |  2.0

Action                     || total
---------------------------++-------
   Fire: Sling             ||    52
    Use: Scroll            ||     3
 Armour: Robe              ||     4
         Leather armour    ||     5
  Dodge: Dodged            ||    28

Table legend:
 A = Non-vault XP
 B = Vault XP
 C = Vault XP percentage of total XP
 D = Non-vault monster count
 E = Vault monster count
 F = Vault count percentage of total count
                 A         B        C        D         E       F
            +---------+---------+-------+---------+---------+-------
      Total |      38 |       0 |   0.0 |      14 |       0 |   0.0
            +---------+---------+-------+---------+---------+-------
        D:1 |      24 |       0 |   0.0 |      13 |       0 |   0.0
        D:2 |      14 |       0 |   0.0 |       1 |       0 |   0.0
            +---------+---------+-------+---------+---------+-------
